 Dungeon Crawl Stone Soup version 0.16-a0-2568-g6e0b792 (webtiles) character file.

31 Johnny the Chiller (level 2, -3/23 HPs)
             Began as a Demigod Ice Elementalist on Nov 21, 2014.
             Slain by Robin
             ... wielding a +0 mace
              (8 damage)
             ... on level 2 of the Dungeon.
             The game lasted 00:02:31 (1303 turns).

Johnny the Chiller (Demigod Ice Elementalist)       Turns: 1303, Time: 00:02:32

Health: -3/23      AC:  2    Str: 11    XL:     2   Next: 90%
Magic:  3/5        EV: 12    Int: 19    God:
Gold:   101        SH:  0    Dex: 16    Spells: 1 memorised, 4 levels left

rFire  . . .     SeeInvis .     p - +0 spear
rCold  . . .     Clarity  .     a - +0 robe
rNeg   . . .     SustAb   +     (no shield)
rPois  .         Gourm    .     (no helmet)
rElec  .         Spirit   .     (no cloak)
rCorr  .         Warding  .     (no gloves)
rMut   .         Stasis   .     (no boots)
MR     .....                    (no amulet)
Stlth  ++........               (no ring)
                                (no ring)

@: not resistant to hostile enchantments, unstealthy
A: sustain abilities
a: no special abilities


You were on level 2 of the Dungeon.
You were hungry.

You visited 1 branch of the dungeon, and saw 2 of its levels.

You collected 101 gold pieces.

Inventory:

Hand weapons
 i - a +0 dagger
 p - a +0 spear (weapon)
Armour
 a - a +0 robe (worn)
Jewellery
 d - an uncursed ring of poison resistance {unknown}
Scrolls
 e - 2 scrolls of remove curse {unknown}
Potions
 f - a potion of might {unknown}
 g - a potion of mutation {unknown}
 h - a potion of brilliance {unknown}
 j - 3 potions of curing
 m - a potion of flight {unknown}
 n - a potion of heal wounds {unknown}
 q - a potion of agility {unknown}
Books
 b - a book of Frost

   Spells                             Type                      Level
   *Freeze                            Ice                          1
   Throw Frost                        Conjuration/Ice              2
   Ozocubu's Armour                   Charms/Ice                   3
   Throw Icicle                       Conjuration/Ice              4
   Summon Ice Beast                   Ice/Summoning                4
   Condensation Shield                Ice                          4
Comestibles
 c - 4 bread rations
 k - 2 fruits
 l - a meat ration


   Skills:
 * Level 1.1 Fighting
 * Level 0.1 Polearms
 + Level 0.3 Armour
 + Level 2.0 Dodging
 - Level 1.7 Stealth
 * Level 2.1 Spellcasting
   Level 0.8 Conjurations
 * Level 3.0 Ice Magic


You had 4 spell levels left.
You knew the following spells:

 Your Spells              Type           Power        Failure   Level  Hunger
a - Freeze                Ice            ##..         6%          1    #......


Dungeon Overview and Level Annotations

Branches:
Dungeon (2/15)

Annotations:
D:2 Robin


Innate Abilities, Weirdness & Mutations

Your attributes are resistant to harm.


Message History

Drink which item? (? for menu, Esc to quit)
You feel better.
It was a potion of curing.
Robin throws the goblin at you! The goblin hits you but does no damage.
The goblin closely misses you. The goblin barely misses you.
Unknown command.
You are feeling hungry.
The goblin hits you but does no damage. The goblin closely misses you.
Unknown command.
Unknown command.
The goblin hits you with a dagger.
* * * LOW HITPOINT WARNING * * *
The goblin hits you but does no damage. Robin throws the goblin at you!
The goblin hits you.
* * * LOW HITPOINT WARNING * * *
Unknown command.
Robin says, "A pitiful Demigod like you will never find the ORB!"
The goblin closely misses you.
Robin says, "Bow before me, strongest of all the hobgoblins!"
Robin hits you with a mace!
You die...

### ###### ##.## ##....##
##...##
#......####.....###########
#......##...(...g..)......#
#......##.....g.g.#.♣.♣.#.#
#......####..ggg#.........
##....## ##.@g##g♣.♣.♣$♣
###...## ##.[###g..._..
#.#..# #...# #$♣g♣.♣.♣
#.##†###.#..##g..$...
#........##.##.#.♣.♣
#.....#..# .##...
#.....##....##..
#...†....#...#
#......####....


You could see Robin, 2 hobgoblins and 4 goblins.

Vanquished Creatures
  A giant gecko (D:2)
  2 ball pythons (D:1)
  2 goblins (D:1)
  5 hobgoblins
  3 jackals (D:2)
  5 kobolds
  4 bats
  A giant newt (D:1)
  5 rats
28 creatures vanquished.

Notes
Turn   | Place    | Note
--------------------------------------------------------------
     0 | D:1      | Johnny, the Demigod Ice Elementalist, began the quest for the Orb.
     0 | D:1      | Reached XP level 1. HP: 14/14 MP: 3/3
    56 | D:1      | Found a shattered altar of Ashenzari.
   359 | D:1      | Reached XP level 2. HP: 5/22 MP: 0/5
   714 | D:1      | Reached skill level 1 in Fighting
  1007 | D:2      | Noticed Robin
  1284 | D:2      | Found an iron altar of Okawaru.
  1292 | D:2      | Reached skill level 3 in Ice Magic
  1303 | D:2      | Slain by Robin

Action                   || total
-------------------------++-------
Melee: Dagger            ||    24
       Unarmed           ||     8
       Spear             ||    16
 Cast: Freeze            ||    26
  Use: Potion            ||     1
 Stab: Sleeping          ||     2
  Eat: Chunk             ||     1
